cohdb
Replays
Latest Replays
All Replays
Popular Replays
Top Player Replays
Match Explorer
How It Works
Community
CoH3 Stats
Reddit
Sign in to upload your games and track your stats! →
Sign in with Steam
Match 43751058
Unlisted
Match 43751058
Overview
Messages
Build Orders
End
Construct Barracks
Riflemen Squad
Riflemen Squad
Riflemen Squad
Infantry Support Center
Construct Motor Pool
Selects Armored Battlegroup
Selects Fast Deploy
Riflemen Squad
M8 Greyhound Armored Car
Selects Veteran Crews
Construct Medical Station
Engineer Squad
Selects M8 Scott SPG
M1918 Browning Automatic Rifles
Selects M31 Recovery Vehicle
Engineer Squad
Selects War Machine
M8 Greyhound Armored Car
Barbarossa
Leorique
0
0
Comments
sign in to comment!
No comments posted yet!